 Dungeon Crawl Stone Soup version 0.29.0-4-gdea44cf6ec (webtiles) character file.

Game seed: 7591845038542717218

98 qw the Sneak (level 4, -3/28 HPs)
             Began as a Gargoyle Delver on Sept 10, 2022.
             Was an Initiate of Okawaru.
             Slain by an orc warrior
             ... wielding a +0 flail
              (15 damage)
             ... on level 5 of the Dungeon.
             The game lasted 00:00:14 (979 turns).

qw the Sneak (Gargoyle Delver)                       Turns: 979, Time: 00:00:15

Health: -3/28      AC:  6    Str: 17    XL:     4   Next: 71%
Magic:  4/4        EV: 11    Int: 11    God:    Okawaru [......]
Gold:   21         SH:  0    Dex: 11    Spells: 3/3 levels left

rFire   . . .      SeeInvis .   Y - +0 hand axe
rCold   . . .      Faith    .   (no shield)
rNeg    + . .      Spirit   .   b - +0 leather armour
rPois   inf        Reflect  .   (no helmet)
rElec   +          Harm     .   (no cloak)
rCorr   .          Rampage  .   (no gloves)
Will    .....                   (no boots)
Stlth   +++.......              (no amulet)
HPRegen 0.09/turn               (no ring)
MPRegen 0.09/turn               (no ring)

@: no status effects
A: sickness immunity, AC +3, negative energy resistance 1, electricity
resistance, torment resistance 1, petrification resistance
a: Renounce Religion


You were on level 5 of the Dungeon.
You worshipped Okawaru.
Okawaru was noncommittal.
You visited 2 branches of the dungeon, and saw 3 of its levels.

You collected 21 gold pieces.


Innate Abilities, Weirdness & Mutations

You are immune to sickness and miasma.
Your stone body is resilient. (AC +3)
You are immune to poison.
You resist negative energy. (rN+)
You are resistant to electric shocks. (rElec)
You are resistant to unholy torment.
You are immune to petrification.


   Skills:
 - Level 3.2 Fighting
 + Level 4.3 Axes
 - Level 1.5 Dodging
 - Level 5.4 Stealth


You had 3 spell levels left.
You didn't know any spells.
Your spell library was empty.

Inventory:

Hand Weapons
 a - a +0 club
 Y - a +0 hand axe (weapon)
Missiles
 c - 3 boomerangs (quivered)
Armour
 b - a +0 leather armour (worn)
Wands
 g - a wand of digging (3)
Scrolls
 d - a scroll of identify
Potions
 f - a potion of haste

Dungeon Overview and Level Annotations

Branches:
Dungeon (5/15)             Temple (1/1) D:4

Altars:
Ashenzari
Dithmenos
Makhleb
Nemelex Xobeh
Okawaru
Qazlal
Sif Muna
Trog
Uskayaw
Vehumet
Wu Jian
Xom


Message History

You kill the adder!
Okawaru accepts your kill.
You start resting.
HP restored.
An orc comes into view. It is wielding a +0 club.
Found a leather armour.
Throw: 3 boomerangs
Press: ? - help, Q - select action Shift-Dir - straight line, f - orc You throw a boomerang.
The boomerang hits the orc.
The orc is heavily wounded.
You hear a shout!
An orc warrior comes into view. It is wielding a +0 flail.
Throw: 3 boomerangs
Press: ? - help, Q - select action Shift-Dir - straight line, f/p - orc You throw a boomerang.
The boomerang hits the orc.
You kill the orc!
Okawaru accepts your kill.
Throw: 3 boomerangs
Press: ? - help, Q - select action Shift-Dir - straight line, f - orc warrior You throw a boomerang.
The boomerang barely misses the orc warrior.
Throw: 3 boomerangs
Press: ? - help, Q - select action Shift-Dir - straight line, f/p - orc warrior You throw a boomerang.
The boomerang hits the orc warrior but does no damage.
Throw: 3 boomerangs
Press: ? - help, Q - select action Shift-Dir - straight line, f/p - orc warrior You throw a boomerang.
The boomerang hits the orc warrior.
The orc warrior is moderately wounded.
You closely miss the orc warrior.
The orc warrior is moderately wounded.
The orc warrior hits you with a +0 flail!
You closely miss the orc warrior.
The orc warrior is moderately wounded.
The orc warrior hits you with a +0 flail.
You closely miss the orc warrior.
The orc warrior is moderately wounded.
The orc warrior hits you with a +0 flail!
Ouch! That really hurt!
You die...

#.# ###.# ...# ##
####.###
....##......#
.[......#.#.#
....##..#.#.### #
.............>##.#
...##.@#........#
#.o###.#%#####.#
#...#...........#
#?..#.#.#.#######
#...#.#.#.# ...)#
#.#.# .#...# #.#.#
#..#...... #.#.#
######+##.##.###
#.#.#.#


You could see an orc warrior.

Vanquished Creatures
  A scorpion (D:5)
  2 adders (D:5)
  A shadow imp (D:5)
  An ufetubus (D:5)
  6 orcs
  A quokka (D:5)
12 creatures vanquished.

Notes
Turn   | Place    | Note
-------+----------+-------------------------------------------
     0 | D:5      | qw the Gargoyle Delver began the quest for the Orb.
     0 | D:5      | Reached XP level 1. HP: 14/14 MP: 1/1
     0 | D:5      | 0 ||| qw: Version: 0.1-a-116-g5d60599
     0 | D:5      | 0 ||| qw: Game counter: 9349
     0 | D:5      | 0 ||| qw: Always use a shield: true
     0 | D:5      | 0 ||| qw: God list: Okawaru
     0 | D:5      | 0 ||| qw: Allow faded altars: false
     0 | D:5      | 0 ||| qw: Do Orc after D:15 true
     0 | D:5      | 0 ||| qw: Do second Lair branch before Depths: true
     0 | D:5      | 0 ||| qw: Lair rune preference: random
     0 | D:5      | 0 ||| qw: Plans: Normal
     0 | D:5      | 0 ||| PLANNING D:1-11
    24 | D:5      | HP: 3/14 [adder (3)]
    28 | D:5      | Reached XP level 2. HP: 4/19 MP: 2/2
   298 | D:5      | Noticed a scorpion
   323 | D:5      | Killed a scorpion
   324 | D:5      | Reached skill level 3 in Axes
   324 | D:5      | Reached XP level 3. HP: 7/23 MP: 3/3
   324 | D:5      | Reached XP level 4. HP: 9/28 MP: 4/4
   466 | D:5      | Noticed a necrophage
   467 | D:5      | 467 ||| Stepping ~*~*~tactically~*~*~ (stealth).
   558 | D:5      | 558 ||| READING scroll labelled POTHAEWKASSY.
   559 | D:5      | 559 ||| READING scroll labelled COETOBL EKLOI.
   560 | D:5      | 560 ||| DROPPING scroll of fog.
   561 | D:5      | 561 ||| DROPPING scroll of magic mapping.
   562 | D:5      | 562 ||| DROPPING scroll of fear.
   571 | D:4      | 571 ||| PLANNING OSSUARY
   668 | D:4      | Found a staircase to the Ecumenical Temple.
   670 | D:4      | 670 ||| PLANNING TEMPLE
   674 | Temple   | Entered the Ecumenical Temple
   725 | Temple   | 725 ||| PLANNING OSSUARY
   738 | Temple   | Became a worshipper of Warmaster Okawaru
   972 | D:5      | Noticed an orc warrior
   979 | D:5      | Slain by an orc warrior

Levels and vault maps discovered:
D:4:      layout_cave_pods, nicolae_ru_awakened_eye, general_overflow_altar,
          cheibriados_altar_1, zin_treasury, minmay_temple_entry_from_below_a,
          nicolae_ossuary_entry_giza, kennysheep_generic_room_9,
          uniq_blork_the_orc, uniq_edmund
D:5:      layout_basic, gammafunk_ghost_arena, uniq_menkaure
Temple:   nicolae_temple_x_marks_the_god

Skill      XL: |  1  2  3  4 |
---------------+-------------+-----
Axes           | 2 3 4 |  4.3
Fighting       | |  3.2
Dodging        | |  1.5
Stealth        | |  5.4

Action                   |  1- 3 |  4- 6 || total
-------------------------+-------+-------++-------
Melee: Hand axe          |    24 |    20 ||    44
       Punch             |     1 |     1 ||     2
Throw: Boomerang         |       |     7 ||     7
  Use: Scroll            |       |     2 ||     2
Armor: Leather armour    |     6 |    10 ||    16
Dodge: Dodged            |    18 |    14 ||    32

Table legend:
 A = Non-vault XP
 B = Vault XP
 C = Vault XP percentage of total XP
 D = Non-vault monster count
 E = Vault monster count
 F = Vault count percentage of total count
                 A         B        C        D         E       F
            +---------+---------+-------+---------+---------+-------
      Total |     141 |       0 |   0.0 |      12 |       0 |   0.0
            +---------+---------+-------+---------+---------+-------
        D:4 |      15 |       0 |   0.0 |       5 |       0 |   0.0
        D:5 |     126 |       0 |   0.0 |       7 |       0 |   0.0
            +---------+---------+-------+---------+---------+-------
